[Event "Titled Tuesday Blitz September 21 2021"]
[White "Quparadze, Giga"]
[Black "Shuvalov, Evgenij"]
[WhiteFideId "13602250"]
[BlackFideId "4187237"]
[WhiteElo "2658"]
[BlackElo "2129"]
[Result "1-0"]
[Round "09"]
[TimeControl "180+1"]
[Date "2021.09.21"]
[WhiteClock "0:01:33"]
[BlackClock "0:00:08"]

1. e4 e6 2. Qe2 c5 3. Nf3 Nc6 4. g3 Be7 5. Bg2 Nf6 6. O-O d5 7. exd5 exd5 8. d4 O-O 9. dxc5 Bxc5 10. Nbd2 Re8 11. Qd1 Bg4 12. Nb3 Bb6 13. h3 Bh5 14. Bg5 h6 15. Bxf6 Qxf6 16. Qxd5 Bxf3 17. Qxf3 Qxb2 18. c4 Ne5 19. Qxb7 Nxc4 20. Bd5 Nd6 21. Qc6 Rad8 22. Qc1 Qe5 23. Bg2 Qxg3 24. Kh1 Bxf2 25. Qc6 Be3 26. Rf3 Qg6 27. Raf1 Re7 28. Qd5 Bb6 29. Qc6 Ne4 30. Qxg6 fxg6 31. a4 Nf6 32. a5 Bc7 33. Rc3 Nh5 34. Rfc1 Be5 35. Rc8 Rxc8 36. Rxc8+ Kh7 37. Bd5 Nf6 38. Bf3 g5 39. a6 Bf4 40. Nd4 Re3 41. Kg2 Ra3 42. Bb7 h5 43. Nb5 Be3 44. Nxa3 Bb6 45. Nb5 g4 46. hxg4 Nxg4 47. Ra8 Ne3+ 48. Kf3 Nc4 49. Be4+ Kh6 50. Nxa7 Nd2+ 51. Kf4 g5+ 52. Kf5 g4 53. Nc8 g3 54. Nxb6 Nxe4 55. Kxe4 g2 56. Rg8 h4 57. Rxg2 1-0


[Site "https://www.chess.com"]

[Event "Titled Tuesday Blitz September 21 2021"]
[White "Rodchenkov, Vitaly"]
[Black "Stoyanov, Tsvetan"]
[WhiteFideId "4152964"]
[BlackFideId "2917173"]
[WhiteElo "2337"]
[BlackElo "2191"]
[Result "0-1"]
[Round "09"]
[TimeControl "180+1"]
[Date "2021.09.21"]
[WhiteClock "0:01:41"]
[BlackClock "0:02:30"]

1. Nf3 g6 2. c4 Bg7 3. g3 c5 4. Bg2 Nc6 5. O-O e5 6. Nc3 Nge7 7. d3 O-O 8. Rb1 d6 9. a3 Rb8 10. b4 b6 11. Ne1 Be6 12. Nc2 d5 13. bxc5 dxc4 14. cxb6 cxd3 15. exd3 axb6 16. Bg5 h6 17. Bxe7 Nxe7 18. Re1 Qd7 19. Ne3 Rfd8 20. Nc4 Qxd3 21. Qxd3 Rxd3 22. Nxe5 Rxc3 0-1


[Site "https://www.chess.com"]

[Event "Titled Tuesday Blitz September 21 2021"]
[White "Roebers, Jan"]
[Black "Obolentseva, Alexandra"]
[WhiteFideId "1007815"]
[BlackFideId "24153648"]
[WhiteElo "2239"]
[BlackElo "2113"]
[Result "0-1"]
[Round "09"]
[TimeControl "180+1"]
[Date "2021.09.21"]
[WhiteClock "0:00:20"]
[BlackClock "0:02:02"]

1. e4 c5 2. d4 cxd4 3. c3 d6 4. cxd4 Nf6 5. Nc3 a6 6. Nf3 g6 7. Be2 Bg7 8. O-O O-O 9. Be3 b5 10. Qd2 Bb7 11. a3 Nxe4 12. d5 Nxd2 13. Ne4 Nxe4 0-1


[Site "https://www.chess.com"]

[Event "Titled Tuesday Blitz September 21 2021"]
[White "Silva, Miguel Antonio Neto"]
[Black "Terletsky, Oleg"]
[WhiteFideId "1911929"]
[BlackFideId "14116774"]
[WhiteElo "2283"]
[BlackElo "2086"]
[Result "1-0"]
[Round "09"]
[TimeControl "180+1"]
[Date "2021.09.21"]
[WhiteClock "0:01:11"]
[BlackClock "0:01:07"]

1. e4 e5 2. Nf3 Nc6 3. Bc4 Nf6 4. d3 h6 5. c3 d6 6. Bb3 g6 7. Nbd2 Bg7 8. O-O O-O 9. Re1 Na5 10. Bc2 c5 11. b4 Nc6 12. bxc5 dxc5 13. Ba3 b6 14. Ba4 Bb7 15. Bxc6 Bxc6 16. Nxe5 Bb7 17. d4 Re8 18. Qb3 Qc7 19. Rad1 cxd4 20. cxd4 Rad8 21. Rc1 Qb8 22. Qxf7+ Kh7 23. Qxg6+ Kg8 24. Qf7+ Kh7 25. Rc7 1-0


[Site "https://www.chess.com"]

[Event "Titled Tuesday Blitz September 21 2021"]
[White "Topper2004"]
[Black "Czerw, Dawid"]
[BlackFideId "1145746"]
[WhiteElo "2259"]
[BlackElo "2075"]
[Result "0-1"]
[Round "09"]
[TimeControl "180+1"]
[Date "2021.09.21"]
[WhiteClock "0:01:07"]
[BlackClock "0:00:41"]

1. b3 g6 2. Bb2 Nf6 3. e3 Bg7 4. f4 O-O 5. Nf3 d6 6. Ke2 Nbd7 7. h3 Ne4 8. Bxg7 Ng3+ 9. Ke1 Kxg7 10. Rg1 e5 11. fxe5 dxe5 12. d3 Nf6 13. Nc3 Nd5 14. Qd2 c6 15. Nxd5 cxd5 16. Qc3 f6 17. Kf2 Nf5 18. g4 Nd6 19. Bg2 Be6 20. Rge1 Rc8 21. Qd2 Qb6 22. Kg3 h5 23. g5 Nf5+ 24. Kh2 e4 25. dxe4 dxe4 26. gxf6+ Rxf6 27. Nd4 Nxd4 28. Qxd4 Rxc2 29. Rec1 Qc7+ 30. Kg1 Rxc1+ 31. Rxc1 Qxc1+ 32. Kh2 Qc7+ 33. Kg1 Qg3 34. Qxa7 Bxh3 35. Qxb7+ Rf7 36. Qxe4 Bxg2 37. Qxg2 Qe1+ 38. Kh2 Rf2 39. a4 Rxg2+ 40. Kxg2 Qxe3 41. a5 h4 42. a6 Qg3+ 43. Kf1 Qf3+ 44. Ke1 h3 45. a7 h2 46. a8=Q h1=Q+ 47. Kd2 Qhd1# 0-1


[Site "https://www.chess.com"]

[Event "Titled Tuesday Blitz September 21 2021"]
[White "Tsaruk, Maksim"]
[Black "Warmerdam, Max"]
[WhiteFideId "13511173"]
[BlackFideId "1048104"]
[WhiteElo "2195"]
[BlackElo "2537"]
[Result "0-1"]
[Round "09"]
[TimeControl "180+1"]
[Date "2021.09.21"]
[WhiteClock "0:00:02"]
[BlackClock "0:00:57"]

1. e4 c5 2. Nf3 d6 3. d4 cxd4 4. Nxd4 Nf6 5. Nc3 a6 6. g3 e6 7. Bg2 Be7 8. f4 O-O 9. g4 Nfd7 10. g5 b5 11. e5 dxe5 12. Bxa8 exd4 13. Qxd4 Qc7 14. Be3 Bc5 15. Qd2 Qa7 16. Bxc5 Qxa8 17. O-O-O Nxc5 18. h4 Bb7 19. Rhe1 Nc6 20. Qd6 b4 21. Qxc5 bxc3 22. Qxc3 Ne7 23. Rd7 Nf5 24. Red1 Bf3 25. R1d2 Qe4 26. b3 Qxf4 27. Kb2 Bd5 28. Qd3 Nxh4 29. c4 Be4 30. Qd4 Nf5 31. Qc5 Qxg5 32. Rc7 g6 33. Rdd7 h5 34. Qa7 Qf6+ 35. Ka3 h4 36. Qxa6 h3 37. Rd2 Qe5 38. Rc8 Rxc8 39. Qxc8+ Kg7 40. Qd8 h2 41. Rxh2 Qxh2 0-1


[Site "https://www.chess.com"]

[Event "Titled Tuesday Blitz September 21 2021"]
[White "jucAxx"]
[Black "Klimciauskas, Domantas"]
[BlackFideId "12802999"]
[WhiteElo "2160"]
[BlackElo "2253"]
[Result "0-1"]
[Round "09"]
[TimeControl "180+1"]
[Date "2021.09.21"]
[WhiteClock "0:02:11"]
[BlackClock "0:01:45"]

1. e4 g6 2. d4 Bg7 3. Nf3 d6 4. c3 Nf6 5. Bd3 Nc6 6. O-O e5 7. Bg5 h6 8. Bh4 g5 9. Bg3 Bg4 10. h3 Bxf3 11. Qxf3 exd4 12. e5 dxe5 13. Re1 O-O 14. Bxe5 Re8 15. Na3 Nxe5 16. Rxe5 Rxe5 0-1